Map: Tryton ER

Players

ranski

  • Race: Terran Terran
  • League: Silver
  • Spawn Location: 5:00

kers - Winner!

  • Race: Protoss Protoss
  • League: Platinum
  • Spawn Location: 11:00

VOD

Have the link to the VOD?

Description

Time

  • Played on: March 1, 2020, 2:55 p.m.
  • Length: 13:05
Show
View Real Time Build Order
Export as new Build Order

ranski Terran 

Build Orders:  

Get SALT Encoding   

  12  0:01  SCV  
  13  0:13  SCV  
  14  0:17  Supply Depot  
  14  0:25  SCV  
  15  0:39  SCV  
  15  0:40  Barracks  
  16  0:50  Refinery  
  16  0:51  SCV  
  17  1:03  SCV  
  18  1:15  SCV, Refinery  
  19  1:27  SCV  
  19  1:28  Barracks Tech Lab  
  20  1:39  SCV  
  21  1:45  Barracks  
  21  1:51  SCV  
  23  2:09  Orbital Command  
  23  2:12  Supply Depot  
  23  2:13  Marine  
  23  2:27  Command Center  
  23  2:35  Supply Depot  
  22  2:38  SCV  
  23  2:50  SCV  
  23  2:58  Factory  
  23  2:59  Barracks Reactor  
  23  3:02  Marauder  
  25  3:14  SCV  
  26  3:27  Marauder  
  28  3:34  SCV  
  29  3:39  Marine x2  
  31  3:46  SCV  
  31  3:47  Supply Depot  
  31  3:48  Marauder  
  34  3:57  Marine x2  
  36  4:06  Orbital Command  
  36  4:09  Supply Depot, Marauder  
  38  4:10  SCV  
  38  4:15  Marine x2  
  41  4:27  SCV  
  41  4:31  Marauder  
  44  4:33  Marine  
  45  4:40  SCV  
  46  4:49  SCV, Starport  
  46  4:52  SCV, Marauder  
  50  4:54  Marine  
  50  4:55  Marine  
  50  4:59  Stimpack  
  52  5:01  SCV  
  53  5:12  Marine  
  53  5:13  SCV, Marine  
  53  5:14  Marauder  
  58  5:15  Engineering Bay  
  58  5:24  Supply Depot  
  58  5:27  Starport Reactor  
  58  5:29  Factory Reactor  
  58  5:30  Marine  
  58  5:31  Factory Tech Lab  
  58  5:33  SCV  
  58  5:35  Marauder, Marine  
  63  5:44  SCV  
  63  5:48  Marine  
  65  5:56  SCV, Marauder  
  68  5:59  SCV  
  69  6:05  Marine  
  69  6:06  Marine  
  69  6:08  Medivac  
  69  6:09  SCV  
  69  6:10  Medivac  
  77  6:11  SCV  
  77  6:19  Terran Infantry Weapons Level 1  
  77  6:21  SCV  
  77  6:24  Supply Depot  
  78  6:30  Marauder  
  80  6:33  SCV  
  80  6:38  Medivac  
  83  6:43  Missile Turret  
  83  6:48  SCV, Supply Depot  
  83  6:52  Refinery  
  83  6:53  Refinery  
  84  7:00  SCV  
  85  7:03  Bunker  
  85  7:09  Marauder, Marine x2  
  85  7:11  Missile Turret  
  85  7:14  Medivac x2  
  93  7:26  Marine  
  93  7:27  Marine  
  95  7:30  Marauder  
  95  7:33  Bunker, Missile Turret  
  97  7:44  Marine  
  90  7:51  Marauder  
  64  8:13  Terran Infantry Armor Level 1  
  64  8:14  Marauder, Marine  
  64  8:15  Marine  
  64  8:17  Concussive Shells  
  68  8:26  Armory  
  68  8:29  Engineering Bay  
  68  8:32  Marine  
  69  8:35  SCV, Command Center, Marauder  
  72  8:47  SCV  
  73  8:53  Marine x2  
  75  8:57  Marauder  
  75  8:59  Combat Shield  
  75  9:00  SCV  
  78  9:07  Viking x2, Barracks  
  78  9:09  Barracks  
  82  9:11  Marine x2  
  82  9:12  SCV  
  85  9:18  Marauder  
  85  9:19  SCV  
  85  9:24  SCV  
  89  9:29  Marine  
  89  9:30  Marine  
  91  9:31  SCV  
  91  9:36  SCV, Liberator  
  91  9:37  Liberator  
  99  9:39  Marauder, Terran Infantry Weapons Level 2  
  99  9:43  SCV  
  102  9:47  Marine  
  102  9:48  SCV, Marine  
  105  10:01  Supply Depot, Marauder  
  105  10:02  Supply Depot  
  105  10:04  Marine  
  105  10:07  Marine  
  108  10:12  Barracks Reactor  
  108  10:13  Barracks Reactor  
  109  10:19  Liberator x2  
  115  10:22  Marauder, Marine  
  115  10:23  Supply Depot  
  115  10:24  Supply Depot, Marine  
  119  10:45  Orbital Command  
  119  10:51  Marauder  
  119  10:52  Marine x5  
  119  10:53  Marine  
  127  11:02  Liberator x2  
  133  11:08  Refinery  
  133  11:10  Marine x6  
  139  11:12  Marauder  
  139  11:15  Refinery  
  141  11:27  Marine  
  141  11:28  Marine x5  
  147  11:34  Marauder  
  149  11:45  Liberator x2  
  155  11:55  Marauder  
  141  12:17  Marauder  
Show
View Real Time Build Order
Export as new Build Order

kers Protoss - Winner!

Build Orders: 1 Gate Expand, Archon Immortal 

Get SALT Encoding   

  12  0:00  Probe  
  13  0:12  Probe  
  14  0:18  Pylon  
  14  0:25  Probe  
  15  0:37  Probe, Gateway  
  16  0:47  Assimilator  
  16  0:49  Probe  
  17  1:01  Probe  
  18  1:13  Probe  
  19  1:25  Probe  
  20  1:28  Nexus  
  20  1:38  Pylon  
  20  1:41  Probe  
  21  1:53  Probe  
  22  1:57  Cybernetics Core  
  22  2:01  Zealot (Chrono Boost)  
  24  2:06  Probe (Chrono Boost)  
  26  2:16  Probe (Chrono Boost)  
  26  2:21  Probe (Chrono Boost)  
  27  2:33  Probe, Stalker  
  30  2:37  Warp Gate (Chrono Boost)  
  30  2:42  Probe  
  31  2:50  Probe  
  32  2:54  Probe  
  32  2:56  Assimilator  
  33  3:02  Probe  
  34  3:06  Probe  
  35  3:14  Probe  
  35  3:18  Probe  
  37  3:21  Gateway  
  37  3:24  Pylon, Gateway  
  37  3:26  Probe  
  38  3:30  Probe  
  38  3:32  Pylon  
  39  3:38  Probe  
  40  3:43  Probe  
  41  3:50  Robotics Facility  
  41  3:51  Probe  
  42  3:58  Probe  
  42  4:01  Forge  
  43  4:03  Probe  
  43  4:06  Pylon  
  44  4:10  Probe  
  44  4:14  Sentry  
  44  4:15  Probe  
  48  4:19  Stalker x2  
  48  4:23  Probe  
  53  4:27  Probe  
  53  4:30  Assimilator  
  54  4:32  Assimilator  
  54  4:33  Protoss Ground Weapons Level 1  
  54  4:35  Probe  
  55  4:39  Probe  
  55  4:43  Pylon  
  55  4:45  Observer (Chrono Boost)  
  57  4:47  Probe  
  57  4:51  Probe, Stalker  
  61  4:54  Stalker x2  
  61  4:59  Probe  
  66  5:03  Probe, Observer  
  68  5:11  Probe  
  69  5:14  Twilight Council  
  69  5:15  Probe  
  69  5:20  Pylon  
  70  5:23  Probe, Pylon  
  70  5:27  Probe, Immortal  
  76  5:35  Probe  
  77  5:36  Gateway  
  77  5:39  Probe, Gateway  
  77  5:40  Zealot x2  
  82  5:47  Probe  
  83  5:52  Probe  
  84  5:59  Probe  
  84  6:04  Probe  
  86  6:10  Immortal (Chrono Boost)  
  90  6:11  Probe  
  90  6:12  Nexus  
  90  6:15  Pylon  
  90  6:16  Probe  
  92  6:24  Probe  
  93  6:28  Probe  
  93  6:29  Pylon x2  
  93  6:30  Pylon  
  93  6:31  Pylon  
  94  6:36  Probe  
  94  6:39  Protoss Shields Level 1 (Chrono Boost)  
  95  6:41  Immortal (Chrono Boost)  
  95  6:42  Photon Cannon  
  95  6:46  Photon Cannon  
  99  6:52  Probe x2  
  99  6:53  Photon Cannon  
  101  6:55  Photon Cannon  
  101  7:04  Probe x2  
  101  7:05  Assimilator  
  101  7:06  Templar Archives  
  101  7:07  Assimilator  
  103  7:16  Probe  
  103  7:17  Probe  
  103  7:20  Zealot x5  
  115  7:26  Probe  
  115  7:28  Probe  
  115  7:29  Probe  
  118  7:38  Probe  
  118  7:40  Probe  
  118  7:41  Probe  
  90  8:00  Zealot x3  
  90  8:01  Zealot x2  
  90  8:10  Gateway  
  90  8:12  Gateway  
  90  8:15  Gateway  
  90  8:17  Gateway  
  90  8:19  Gateway  
  90  8:21  Immortal  
  94  8:35  Probe x2  
  94  8:37  High Templar  
  94  8:38  High Templar x3  
  104  8:42  Archon  
  104  8:43  Sentry, Archon  
  106  8:52  Observer  
  106  8:56  Protoss Ground Weapons Level 2  
  106  9:00  Immortal, Photon Cannon  
  110  9:06  Pylon  
  110  9:08  Pylon  
  110  9:17  High Templar  
  110  9:18  High Templar x4  
  110  9:19  High Templar  
  110  9:23  Archon x3  
  122  9:28  Sentry  
  122  9:29  Sentry  
  126  9:37  Zealot  
  128  9:39  Immortal  
  132  9:46  Charge  
  132  9:53  Sentry  
  132  9:54  Sentry  
  136  10:13  Zealot x2  
  136  10:14  Zealot x3  
  144  10:15  Nexus  
  144  10:16  Pylon  
  144  10:18  Warp Prism  
  148  10:32  Shield Battery  
  148  10:34  Shield Battery  
  148  10:37  Shield Battery  
  148  10:41  Shield Battery  
  148  10:42  Shield Battery, Photon Cannon  
  148  10:45  Photon Cannon, Assimilator  
  148  10:46  Photon Cannon  
  148  10:49  Assimilator  
  148  10:53  Photon Cannon  
  148  10:56  Immortal, Photon Cannon  
  152  10:58  Photon Cannon  
  152  11:00  High Templar x3  
  152  11:01  Photon Cannon, High Templar  
  152  11:02  Shield Battery  
  160  11:05  Shield Battery  
  160  11:15  Pylon x2  
  160  11:17  Pylon  
  160  11:20  Pylon x2  
  160  11:40  Archon  
  160  11:42  Archon  
  160  11:56  Zealot x2  
  160  11:57  Zealot x6  
  160  11:58  Zealot x2  
  180  12:18  Pylon  
  180  12:21  Pylon  
  177  12:24  Gateway  
  177  12:25  High Templar  
  177  12:26  Gateway x2, High Templar x3  
  177  12:27  High Templar x2  
  165  12:31  Archon x3  
  129  12:40  Zealot x4  
  109  13:02  Zealot x3  
Tags
 
Add a new tag
Caveats
  • Supply blocks, unpowered buildings, or Contaminate may cause inaccurate times.
  • Supply counts are checked every 10 seconds.